 Dungeon Crawl Stone Soup version 0.14-a0-3345-g9255d23 (webtiles) character file.

228 KaKa the Chopper (level 4, -10/35 HPs)
             Began as a Formicid Fighter on Mar 17, 2014.
             Killed by divine providence
             ... invoked by an orc priest
              (17 damage)
             ... on Level 3 of the Dungeon.
             The game lasted 00:09:49 (1681 turns).

KaKa the Chopper (Formicid Fighter)                 Turns: 1681, Time: 00:09:49

HP -10/35        AC  8     Str 21      XL: 4   Next: 60%
MP   5/5         EV  7     Int  7      God:
Gold 151         SH 19     Dex 11      Spells:  0 memorised,  3 levels left

rFire  . . .     SeeInvis +     a - +0 war axe
rCold  . . .     Clarity  .     b - +0 scale mail
rNeg   . . .     Conserve .     c - +0 shield
rPois  .         rCorr    .     (helmet unavailable)
rElec  .         rRot     .     f - +0 cloak
SustAb . .       Spirit   .     (no gloves)
rMut   .         Warding  .     (no boots)
Saprov . . .     Stasis   +     (no amulet)
MR     .....                    (no ring)
                                (no ring)

@: not resistant to hostile enchantments, extremely unstealthy
A: permanent stasis, dig shafts and tunnels, four strong arms, antennae 3
a: Dig, Shaft Self


You were on level 3 of the Dungeon.
You were not hungry.

You visited 1 branch of the dungeon, and saw 3 of its levels.

You collected 151 gold pieces.

Inventory:

Hand weapons
 a - a +0,+0 war axe (weapon)
Missiles
 i - 21 darts (quivered)
 l - 15 arrows of frost
 m - 18 arrows
Armour
 b - a +0 scale mail (worn)
 c - a +0 shield (worn)
 f - a +0 cloak (worn)
Comestibles
 d - 4 bread rations
 g - a meat ration
 k - 2 pears
 n - a choko
Scrolls
 p - a scroll of identify {unknown}
 q - a scroll of magic mapping {unknown}
 r - a scroll of amnesia {unknown}
 s - a scroll of fear {unknown}
 t - a scroll of enchant weapon I {unknown}
Jewellery
 h - a +6,+6 ring of slaying {unknown}
Potions
 e - a potion of might
 j - 3 potions of curing {unknown}
 o - a potion of lignification {unknown}
 u - a potion of paralysis {unknown}


   Skills:
 - Level 3.3 Fighting
 + Level 4.4 Axes
 - Level 3.2 Armour
 - Level 3.6 Shields


You had 3 spell levels left.
You didn't know any spells.

Dungeon Overview and Level Annotations

Branches:
Dungeon (3/15)

Altars:
Elyvilon
Zin
The Shining One


Innate Abilities, Weirdness & Mutations

Your are under a permanent stasis effect.
You can dig through walls and to a lower floor.
Your four strong arms can wield two-handed weapons with a shield.
You have a pair of large antennae on your head (SInv).


Message History

The orc hits you.
You completely miss the orc.
The orc is moderately wounded.
The orc hits you.
Your shield and scale mail prevent you from hitting the orc.
The orc is moderately wounded.
The orc hits you but does no damage.
You slash the orc!
You kill the orc!
The orc wizard points at you and mumbles some strange words.
The puff of frost hits you!
You hit the orc wizard but do no damage.
The orc wizard points at you and mumbles some strange words.
The puff of flame hits you!
* * * LOW HITPOINT WARNING * * *
You hit the orc wizard.
The orc wizard is moderately wounded.
The orc priest calls down the wrath of Beogh upon you.
Something smites you!
You die...

#.....# #.....# #.....#
#.....# #####.# #.# #.#
#.# #@#
###############o######.#
.#
...............oo.......
...
.########.........####o.
... #.............. ...
#.........#### ... ....
#.........# ........
#.........# ........
#.........# ###........


You could see an orc priest, an orc wizard and an orc.

Vanquished Creatures
  An adder (D:2)
  A worm (D:2)
  An orc (D:3)
  2 giant cockroaches
  5 goblins
  8 hobgoblins
  9 jackals (D:1)
  8 kobolds
  A ball python (D:2)
  9 bats
  2 giant geckos
  4 giant newts
  6 rats
57 creatures vanquished.

Notes
Turn   | Place    | Note
--------------------------------------------------------------
     0 | D:1      | KaKa, the Formicid Fighter, began the quest for the Orb.
     0 | D:1      | Reached XP level 1. HP: 18/18 MP: 1/1
    74 | D:1      | Reached XP level 2. HP: 6/24 MP: 3/3
   438 | D:1      | Reached XP level 3. HP: 21/29 MP: 4/4
  1050 | D:2      | Found a glowing silver altar of Zin.
  1051 | D:2      | Found a glowing golden altar of the Shining One.
  1051 | D:2      | Found a white marble altar of Elyvilon.
  1082 | D:2      | Reached XP level 4. HP: 35/35 MP: 5/5
  1174 | D:2      | Reached skill level 4 in Axes
  1681 | D:3      | Killed from afar by an orc priest

Action                   |  1- 3 |  4- 6 || total
-------------------------+-------+-------++-------
Melee: War axe           |   137 |    53 ||   190
Throw: Dart              |    16 |       ||    16
